PA
EUGENE VANDALS @ CALDWELL CHIEFS
08/18/2042
 
TOP OF THE 1ST
Eugene Vandals batting - Pitching for Caldwell Chiefs : RHP Martín Galindo
Pitching: RHP Martín Galindo
Batting: RHB Jorge Quintana 0-0: Called Strike
0-1: SOLO HOME RUN (Flyball, 78XD, EV 91.9 MPH), Distance : 443 ft
Batting: RHB Edgar Rodríguez 0-0: Called Strike
0-1: Fly out, F4 (Popup, 4M, EV 63.1 MPH)
Batting: RHB Ángel Júlio 0-0: Ball
1-0: Fly out, F8 (Flyball, 8RD, EV 93.1 MPH)
Batting: RHB Adrián Serrano 0-0: Fly out, F8 (Line Drive, 8RM, EV 105.6 MPH)
Top of the 1st over - 1 run, 1 hit, 0 errors, 0 left on base; Eugene 1 - Caldwell 0
BOTTOM OF THE 1ST
Caldwell Chiefs batting - Pitching for Eugene Vandals : RHP Karel Vandemeulbroucke
Pitching: RHP Karel Vandemeulbroucke
Batting: RHB Kane Felton 0-0: Ball
1-0: Ground out 1-3 (Groundball, 13S, EV 64.4 MPH)
Batting: RHB Nick Davis 0-0: Fly out, F7 (Flyball, 7LS, EV 79.4 MPH)
Batting: LHB John Kersey 0-0: Ball
1-0: Foul Ball, location: 2F
1-1: Foul Ball, location: 2F
1-2: Ball
2-2: Ball
3-2: Base on Balls
Batting: LHB Dan Webb 0-0: Called Strike
0-1: Ball
1-1: Ball
2-1: SINGLE (Groundball, 4MD, EV 106.9 MPH)
John Kersey to second
Runner from 2nd tries for 3rd, SAFE, throw by CF made to third
Batting: RHB Gin-fan Chong 0-0: Ball
1-0: Ball
2-0: Foul Ball, location: 2F
2-1: SINGLE (Groundball, 56D, EV 98.1 MPH)
John Kersey scores
Dan Webb to second
Batting: RHB Clark Curtis 0-0: Called Strike
0-1: Fielders Choice at 2nd, 6-4 (Groundball, 6, EV 80.0 MPH)
Bottom of the 1st over - 1 run, 2 hits, 0 errors, 2 left on base; Eugene 1 - Caldwell 1
TOP OF THE 2ND
Eugene Vandals batting - Pitching for Caldwell Chiefs : RHP Martín Galindo
Batting: LHB Gustavo Palácios 0-0: Swinging Strike
0-1: Ball
1-1: Ball
2-1: DOUBLE (Line Drive, 78XD, EV 97.5 MPH)
Batting: RHB Luis Ibáńez 0-0: Ball
1-0: Swinging Strike
1-1: Ball
2-1: Foul Ball, location: 2F
2-2: Ball
3-2: SINGLE (Line Drive, 7LM, EV 104.4 MPH)
Gustavo Palácios to third
Batting: RHB Johnny Schultz 0-0: Called Strike
0-1: Swinging Strike
0-2: Foul Ball, location: 2F
0-2: Ball
1-2: Fly out, F8 (Flyball, 8RM, EV 75.0 MPH)
Batting: RHB Dan Turner 0-0: Ball
1-0: Foul Ball, location: 2F
1-1: Fly out, F9 (Flyball, 9D, EV 100.0 MPH)
Runner from 3rd tags up, SCORES, throw by RF
Batting: RHB Will Ross 0-0: Swinging Strike
0-1: Ball
1-1: Ball
2-1: Called Strike
2-2: Ball
3-2: Foul Ball, location: 2F
3-2: Ground out 6-3 (Groundball, 6, EV 89.4 MPH)
Top of the 2nd over - 1 run, 2 hits, 0 errors, 1 left on base; Eugene 2 - Caldwell 1
BOTTOM OF THE 2ND
Caldwell Chiefs batting - Pitching for Eugene Vandals : RHP Karel Vandemeulbroucke
Batting: RHB Derrick Davis 0-0: Ball
1-0: Foul Ball, location: 2F
1-1: Ball
2-1: Fly out, F8 (Flyball, 8LXD, EV 91.9 MPH)
Batting: RHB Dan Babauta 0-0: Ground out 1-3 (Groundball, 13, EV 88.8 MPH)
Batting: LHB Ramón Gómez 0-0: Ball
1-0: Called Strike
1-1: Ball
2-1: Called Strike
2-2: Foul Ball, location: 2F
2-2: Ball
3-2: Base on Balls
Batting: RHB Kane Felton 0-0: Fly out, F8 (Flyball, 89M, EV 92.5 MPH)
Bottom of the 2nd over - 0 runs, 0 hits, 0 errors, 1 left on base; Eugene 2 - Caldwell 1
TOP OF THE 3RD
Eugene Vandals batting - Pitching for Caldwell Chiefs : RHP Martín Galindo
Batting: RHB Jorge Quintana 0-0: Called Strike
0-1: Foul Ball, location: 2F
0-2: Strikes out swinging
Batting: RHB Edgar Rodríguez 0-0: Foul Ball, location: 2F
0-1: Called Strike
0-2: Ball
1-2: Strikes out swinging
Batting: RHB Ángel Júlio 0-0: SINGLE (Groundball, 56D, EV 103.8 MPH)
Batting: RHB Adrián Serrano 0-0: Ball
1-0: Foul Ball, location: 2F
1-1: Ground out 1-3 (Groundball, P, EV 67.5 MPH)
Top of the 3rd over - 0 runs, 1 hit, 0 errors, 1 left on base; Eugene 2 - Caldwell 1
BOTTOM OF THE 3RD
Caldwell Chiefs batting - Pitching for Eugene Vandals : RHP Karel Vandemeulbroucke
Batting: RHB Nick Davis 0-0: Ball
1-0: Ball
2-0: Ground out 1-3 (Groundball, 25, EV 85.6 MPH)
Batting: LHB John Kersey 0-0: Called Strike
0-1: Ball
1-1: Called Strike
1-2: Foul Ball, location: 2F
1-2: Ball
2-2: Strikes out swinging
Batting: LHB Dan Webb 0-0: Ball
1-0: Called Strike
1-1: Foul Ball, location: 2F
1-2: Foul Ball, location: 2F
1-2: Foul Ball, location: 2F
1-2: Foul Ball, location: 2F
1-2: Fly out, F9 (Flyball, 89S, EV 88.8 MPH)
Bottom of the 3rd over - 0 runs, 0 hits, 0 errors, 0 left on base; Eugene 2 - Caldwell 1
TOP OF THE 4TH
Eugene Vandals batting - Pitching for Caldwell Chiefs : RHP Martín Galindo
Batting: LHB Gustavo Palácios 0-0: Ball
1-0: Ball
2-0: Called Strike
2-1: Ground out U3 (Groundball, 3, EV 88.8 MPH)
Batting: RHB Luis Ibáńez 0-0: Called Strike
0-1: Called Strike
0-2: Strikes out swinging
Batting: RHB Johnny Schultz 0-0: Ball
1-0: SINGLE (Line Drive, 6M, EV 98.1 MPH)
Batting: RHB Dan Turner 0-0: Ball
1-0: Ball
2-0: 2-RUN HOME RUN (Flyball, 7D, EV 105.0 MPH), Distance : 395 ft
Batting: RHB Will Ross 0-0: Ball
1-0: Swinging Strike
1-1: Called Strike
1-2: Ball
2-2: Fly out, F8 (Flyball, 8RS, EV 89.4 MPH)
Top of the 4th over - 2 runs, 2 hits, 0 errors, 0 left on base; Eugene 4 - Caldwell 1
BOTTOM OF THE 4TH
Caldwell Chiefs batting - Pitching for Eugene Vandals : RHP Karel Vandemeulbroucke
Batting: RHB Gin-fan Chong 0-0: Ball
1-0: Ball
2-0: Ground out 5-3 (Groundball, 5D, EV 81.9 MPH)
Batting: RHB Clark Curtis 0-0: Called Strike
0-1: Ball
1-1: Ball
2-1: SINGLE (Line Drive, 3D, EV 99.4 MPH)
Batting: RHB Derrick Davis 0-0: Fly out, F9 (Flyball, 9S, EV 88.1 MPH)
Batting: RHB Dan Babauta 0-0: Called Strike
0-1: Ball
1-1: SINGLE (Line Drive, 89M, EV 96.2 MPH)
Clark Curtis to second
Batting: LHB Ramón Gómez 0-0: Ball
1-0: Ball
2-0: Ground out 5-3 (Groundball, 56S, EV 83.1 MPH)
Bottom of the 4th over - 0 runs, 2 hits, 0 errors, 2 left on base; Eugene 4 - Caldwell 1
TOP OF THE 5TH
Eugene Vandals batting - Pitching for Caldwell Chiefs : RHP Martín Galindo
Batting: RHB Jorge Quintana 0-0: Ball
1-0: Swinging Strike
1-1: Called Strike
1-2: Ball
2-2: Foul Ball, location: 2F
2-2: Hit by Pitch
Batting: RHB Edgar Rodríguez 0-0: Sac Bunt to 13 - play at first, batter OUT! 1-3
Jorge Quintana to second
Batting: RHB Ángel Júlio 0-0: Called Strike
0-1: Ball
1-1: Ground out 4-3 (Groundball, 4, EV 88.8 MPH)
Jorge Quintana to third
Batting: RHB Adrián Serrano 0-0: Ball
1-0: Ball
2-0: Ball
3-0: Called Strike
3-1: Foul Ball, location: 2F
3-2: Foul Ball, location: 2F
3-2: Base on Balls
Batting: LHB Gustavo Palácios 0-0: Foul Ball, location: 2F
0-1: Foul Ball, location: 2F
0-2: Ball
1-2: Ball
2-2: SINGLE (Line Drive, 9S, EV 95.6 MPH)
Jorge Quintana scores
Adrián Serrano to second
Runner from 2nd tries for 3rd, SAFE, throw by RF made to third
Pitching: RHP Warren Cully
Batting: RHB Luis Ibáńez 0-0: SINGLE (Line Drive, 5D, EV 94.4 MPH)
Adrián Serrano scores
Gustavo Palácios to second
Batting: RHB Johnny Schultz 0-0: Ball
1-0: Ball
2-0: Called Strike
2-1: Called Strike
2-2: Strikes out looking
Top of the 5th over - 2 runs, 2 hits, 0 errors, 2 left on base; Eugene 6 - Caldwell 1
BOTTOM OF THE 5TH
Caldwell Chiefs batting - Pitching for Eugene Vandals : RHP Karel Vandemeulbroucke
Batting: RHB Kane Felton 0-0: Ground out 5-3 (Groundball, 56, EV 80.6 MPH)
Batting: RHB Nick Davis 0-0: Foul Ball, location: 2F
0-1: Foul Ball, location: 2F
0-2: Ball
1-2: Foul Ball, location: 2F
1-2: Fly out, F7 (Flyball, 78S, EV 95.0 MPH)
Batting: LHB John Kersey 0-0: Called Strike
0-1: Ball
1-1: Ball
2-1: Ball
3-1: Base on Balls
Batting: LHB Dan Webb 0-0: Ball
John Kersey steals 2nd base
1-0: Called Strike
1-1: Swinging Strike
1-2: Hit by Pitch
Batting: RHB Gin-fan Chong 0-0: Called Strike
0-1: Ball
1-1: Ball
2-1: Ball
3-1: Foul Ball, location: 2F
3-2: Foul Ball, location: 2F
3-2: Strikes out swinging
Bottom of the 5th over - 0 runs, 0 hits, 0 errors, 2 left on base; Eugene 6 - Caldwell 1
TOP OF THE 6TH
Eugene Vandals batting - Pitching for Caldwell Chiefs : RHP Warren Cully
Batting: RHB Dan Turner 0-0: Swinging Strike
0-1: Ball
1-1: Ball
2-1: Foul Ball, location: 2F
2-2: Foul Ball, location: 2F
2-2: Foul Ball, location: 2F
2-2: Strikes out looking
Batting: RHB Will Ross 0-0: Ball
1-0: Ground out 5-3 (Groundball, 56S, EV 71.9 MPH)
Batting: RHB Jorge Quintana 0-0: Ground out 5-3 (Groundball, 56S, EV 86.2 MPH)
Top of the 6th over - 0 runs, 0 hits, 0 errors, 0 left on base; Eugene 6 - Caldwell 1
BOTTOM OF THE 6TH
Caldwell Chiefs batting - Pitching for Eugene Vandals : RHP Karel Vandemeulbroucke
Batting: RHB Clark Curtis 0-0: Ball
1-0: Fly out, F7 (Flyball, 7D, EV 90.0 MPH)
Batting: RHB Derrick Davis 0-0: Ball
1-0: Foul Ball, location: 2F
1-1: Fly out, F8 (Line Drive, 8LD, EV 93.8 MPH)
Batting: RHB Dan Babauta 0-0: Ball
1-0: Called Strike
1-1: Ball
2-1: Swinging Strike
2-2: Foul Ball, location: 2F
2-2: Reached on error, E6 (Groundball, 6, EV 83.1 MPH)
Batting: LHB Ramón Gómez 0-0: Ball
1-0: Ball
2-0: Ball
3-0: Called Strike
3-1: 2-RUN HOME RUN (Flyball, 89XD, EV 95.0 MPH), Distance : 398 ft
Batting: RHB Kane Felton 0-0: Ball
1-0: Ball
2-0: Ball
3-0: Called Strike
3-1: Called Strike
3-2: Base on Balls
Pitching: LHP Joe Pollitt
Batting: RHB Nick Davis 0-0: Ball
1-0: Fly out, F8 (Line Drive, 8RD, EV 86.2 MPH)
Bottom of the 6th over - 2 runs, 1 hit, 1 error, 1 left on base; Eugene 6 - Caldwell 3
TOP OF THE 7TH
Eugene Vandals batting - Pitching for Caldwell Chiefs : RHP Warren Cully
Batting: RHB Edgar Rodríguez 0-0: Swinging Strike
0-1: Called Strike
0-2: Ball
1-2: Reached on error, E4 (Groundball, 4M, EV 85.0 MPH)
Batting: RHB Ángel Júlio 0-0: Fly out, F3 (Popup, 3F, EV 77.5 MPH)
Batting: RHB Adrián Serrano 0-0: Foul Ball, location: 2F
0-1: Called Strike
0-2: Strikes out swinging
Batting: LHB Gustavo Palácios 0-0: Ball
1-0: Called Strike
1-1: Fly out, F7 (Flyball, 7D, EV 108.8 MPH)
Top of the 7th over - 0 runs, 0 hits, 1 error, 1 left on base; Eugene 6 - Caldwell 3
BOTTOM OF THE 7TH
Caldwell Chiefs batting - Pitching for Eugene Vandals : LHP Joe Pollitt
Batting: LHB John Kersey 0-0: Ball
1-0: Called Strike
1-1: Ball
2-1: Foul Ball, location: 2F
2-2: Foul Ball, location: 2F
2-2: Foul Ball, location: 2F
2-2: Ball
3-2: Foul Ball, location: 2F
3-2: Ground out 6-3 (Groundball, 6, EV 80.6 MPH)
Batting: LHB Dan Webb 0-0: Swinging Strike
0-1: Foul Ball, location: 2F
0-2: Ball
1-2: Strikes out swinging
Batting: RHB Gin-fan Chong 0-0: Ball
1-0: Called Strike
1-1: Foul Ball, location: 2F
1-2: SOLO HOME RUN (Flyball, 78XD, EV 96.9 MPH), Distance : 421 ft
Batting: RHB Clark Curtis 0-0: SINGLE (Groundball, 6MD, EV 100.6 MPH)
Batting: RHB Derrick Davis 0-0: Called Strike
0-1: Swinging Strike
0-2: Reached on error, E9 (Flyball, 89M, EV 83.8 MPH)
Clark Curtis to third
Batting: RHB Dan Babauta 0-0: Ball
1-0: Called Strike
1-1: Fly out, F8 (Flyball, 8RS, EV 96.2 MPH)
Bottom of the 7th over - 1 run, 2 hits, 1 error, 2 left on base; Eugene 6 - Caldwell 4
TOP OF THE 8TH
Eugene Vandals batting - Pitching for Caldwell Chiefs : RHP Warren Cully
Batting: RHB Luis Ibáńez 0-0: Called Strike
0-1: Ground out 3-1 (Groundball, 34, EV 97.5 MPH)
Batting: RHB Johnny Schultz 0-0: Called Strike
0-1: Foul Ball, location: 2F
0-2: Ball
1-2: Ball
2-2: Ball
3-2: Strikes out swinging
Batting: RHB Dan Turner 0-0: Called Strike
0-1: Swinging Strike
0-2: Strikes out swinging
Top of the 8th over - 0 runs, 0 hits, 0 errors, 0 left on base; Eugene 6 - Caldwell 4
BOTTOM OF THE 8TH
Caldwell Chiefs batting - Pitching for Eugene Vandals : LHP Joe Pollitt
Batting: LHB Ramón Gómez 0-0: Foul Ball, location: 2F
0-1: Ball
1-1: Foul Ball, location: 2F
1-2: Ball
2-2: Ball
3-2: Foul Ball, location: 2F
3-2: Fly out, F8 (Flyball, 8RM, EV 75.6 MPH)
Batting: RHB Kane Felton 0-0: Ball
1-0: SINGLE (Line Drive, 89S, EV 110.0 MPH)
Pitching: LHP Richello Dosono
Batting: RHB Nick Davis 0-0: Ball
1-0: Foul Ball, location: 2F
1-1: Foul Ball, location: 2F
1-2: Fly out, F6 (Popup, 4MD, EV 43.8 MPH)
Batting: LHB John Kersey 0-0: Ball
1-0: Foul Ball, location: 2F
1-1: Called Strike
1-2: Ball
2-2: Ball
3-2: SINGLE (Groundball, 4MD, EV 101.2 MPH)
Kane Felton to second
Kane Felton to third
Pinch Hitting: RHB Ángelo Atenas 0-0: Foul Ball, location: 2F
0-1: Swinging Strike
0-2: Ball
1-2: Foul Ball, location: 2F
1-2: Ball
2-2: Foul Ball, location: 2F
2-2: Strikes out looking
Bottom of the 8th over - 0 runs, 2 hits, 0 errors, 2 left on base; Eugene 6 - Caldwell 4
TOP OF THE 9TH
Eugene Vandals batting - Pitching for Caldwell Chiefs : RHP Warren Cully
Now at 1B: Tim Garner
Batting: RHB Will Ross 0-0: SINGLE (Groundball, 6D, EV 99.4 MPH)
Batting: RHB Jorge Quintana 0-0: Hit by Pitch
Will Ross to second
Batting: RHB Edgar Rodríguez 0-0: Bunted foul
0-1: Bunted foul
0-2: Ball
1-2: Ball
2-2: Fly out, F9 (Flyball, 9LS, EV 83.1 MPH)
Batting: RHB Ángel Júlio 0-0: Ball
1-0: Foul Ball, location: 2F
1-1: Swinging Strike
1-2: Foul Ball, location: 2F
1-2: Ball
2-2: Ball
3-2: Foul Ball, location: 2F
3-2: Strikes out swinging
Batting: RHB Adrián Serrano 0-0: SINGLE (Flyball, 8RS, EV 95.6 MPH)
Will Ross to third
Jorge Quintana to second
Runner from 3rd tries for Home, SAFE, throw by CF to home
Batting: LHB Gustavo Palácios 0-0: Called Strike
0-1: Ball
1-1: Swinging Strike
1-2: Strikes out looking
Top of the 9th over - 1 run, 2 hits, 0 errors, 2 left on base; Eugene 7 - Caldwell 4
BOTTOM OF THE 9TH
Caldwell Chiefs batting - Pitching for Eugene Vandals : LHP Richello Dosono
Batting: RHB Gin-fan Chong 0-0: DOUBLE (Line Drive, 7LS, EV 98.1 MPH)
Batting: RHB Clark Curtis 0-0: Swinging Strike
0-1: Foul Ball, location: 2F
0-2: Strikes out swinging
Batting: RHB Derrick Davis 0-0: Called Strike
0-1: Foul Ball, location: 2F
0-2: Strikes out looking
Batting: RHB Dan Babauta 0-0: DOUBLE (Flyball, 78D, EV 105.0 MPH)
Gin-fan Chong scores
Pinch Hitting: RHB Luis Miguel Monteblanco 0-0: Ball
1-0: Ball
2-0: Swinging Strike
2-1: Ball
3-1: Fly out, F6 (Popup, 6S, EV 83.1 MPH)
Bottom of the 9th over - 1 run, 2 hits, 0 errors, 1 left on base; Eugene 7 - Caldwell 5
Friday, March 26th, 2021 - OOTP Baseball 20.8 Build 74